 Dungeon Crawl Stone Soup version 0.30-a0-377-g5cb311bc9f (webtiles) character file.

Game seed: 4533620650178584173

2627291 fedoskokos the Conqueror (level 26, 239/239 HPs)
             Began as a Minotaur Hunter on Nov 28, 2022.
             Was the Champion of Hepliaklqana.
             Escaped with the Orb
             ... and 4 runes!
             The game lasted 03:16:24 (57676 turns).

fedoskokos the Conqueror (Minotaur Hunter)         Turns: 57676, Time: 03:16:25

Health: 239/239    AC: 35    Str: 26    XL:     26   Next: 80%
Magic:  9/9        EV: 32    Int:  1    God:    Hepliaklqana [******]
Gold:   5872       SH:  0    Dex: 24    Spells: 25/25 levels left

rFire   + + +      SeeInvis +    O - +1 triple sword (antimagic)
rCold   + . .      Faith    .    (shield currently unavailable)
rNeg    + . .      Spirit   .    K - +8 fire dragon scales
rPois   +          Reflect  .    S - +2 hat
rElec   +          Harm     .    N - scarf {repulsion}
rCorr   +          Rampage  .    g - +3 Mad Mage's Maulers {Infuse+∞ RegenMP Int-3}
Will    +....                    I - +1 pair of boots "Uffufeos" {rF+ Str+4 Int-2}
Stlth   +.........               D - amulet of the Gloaming {rC++ Regen+}
HPRegen 1.39/turn                a - ring "Kouwaofo" {rElec rPois rCorr Dex-5 SInv}
MPRegen 0.51/turn                x - ring of Yredelemnul, Jumping {rN+ Str+3 Dex+6 Stlth+}

@: repel missiles
A: reduced essence, horns 2, retaliatory headbutt
0: Orb of Zot
}: 4/15 runes: decaying, serpentine, silver, demonic
a: Renounce Religion, Recall Ancestor, Ancestor Identity, Transference, Idealise


You escaped.
You worshipped Hepliaklqana.
Hepliaklqana was exalted by your worship.
You visited 12 branches of the dungeon, and saw 50 of its levels.
You visited Pandemonium 1 time, and saw 2 of its levels.
You visited the Abyss 1 time.
You also visited: Trove, Gauntlet and Wizlab.

You collected 8488 gold pieces.
You spent 2616 gold pieces at shops.

Inventory:

Hand Weapons
 c - a +2 antimagic arbalest
 C - a +3 arbalest of freezing
 O - a +1 antimagic triple sword (weapon)
 W - a +9 triple crossbow of flaming
Missiles
 G - 3 throwing nets
Armour
 g - the +3 Mad Mage's Maulers (worn) {Infuse+∞ RegenMP Int-3}
   (You found it on level 3 of the Elven Halls)

   It empowers its wearer's blows with all of their magic.
   It causes its wearer's magical reserves to regenerate more quickly.
   Int:       It affects your intelligence (-3).
 B - +2 ice dragon scales
 I - the +1 pair of boots "Uffufeos" (worn) {rF+ Str+4 Int-2}
   (You found it in a Gauntlet)

   Str:       It affects your strength (+4).
   Int:       It affects your intelligence (-2).
   rF:        It protects you from fire.
 K - +8 fire dragon scales (worn)
 N - a scarf of repulsion (worn)
 S - a +2 hat (worn)
Jewellery
 a - the ring "Kouwaofo" (left hand) {rElec rPois rCorr Dex-5 SInv}
   (You took it off a minotaur in a Gauntlet)

   [ring of poison resistance]

   Dex:       It affects your dexterity (-5).
   rElec:     It insulates you from electricity.
   rPois:     It protects you from poison.
   SInv:      It lets you see invisible.
   rCorr:     It protects you from acid and corrosion.
 n - the amulet "Kuxoa" {RegenMP Str+3 Slay+3}
   (You found it in a treasure trove)

   [amulet of magic regeneration]

   It increases your rate of magic regeneration.
   Str:       It affects your strength (+3).
   Slay:      It affects your accuracy & damage with ranged weapons and melee
   (+3).
 q - the ring "Vaiwafuv" {EV+4 Int+10}
   (You found it in a treasure trove)

   [ring of evasion]

   EV:        It affects your evasion (+4).
   Int:       It affects your intelligence (+10).
 x - the ring of Yredelemnul, Jumping (right hand) {rN+ Str+3 Dex+6 Stlth+}
   (You bought it in a shop on level 2 of the Orcish Mines)

   [ring of dexterity]

   Str:       It affects your strength (+3).
   Dex:       It affects your dexterity (+6).
   rN:        It protects you from negative energy.
   Stlth:     It makes you more stealthy.
 y - the amulet "Lumpuebb" {Spirit rPois rN++ Stlth-}
   (You found it in a treasure trove)

   [amulet of guardian spirit]

   It causes incoming damage to be divided between your reserves of health and
   magic.
   rPois:     It protects you from poison.
   rN:        It greatly protects you from negative energy.
   Stlth:     It makes you less stealthy.
 z - the ring of Nariuseq {Int+4 Slay+4 SInv}
   (You found it on level 3 of the Elven Halls)

   [ring of see invisible]

   Int:       It affects your intelligence (+4).
   Slay:      It affects your accuracy & damage with ranged weapons and melee
   (+4).
   SInv:      It lets you see invisible.
 D - the amulet of the Gloaming (around neck) {rC++ Regen+}
   (You found it on level 2 of the Depths)

   [amulet of regeneration]

   rC:        It greatly protects you from cold.
   Regen:     It increases your rate of health regeneration.
 U - the ring "Enabeseu" {AC+4 Str+4 Stlth+}
   (You found it on level 1 of the Lair of Beasts)

   [ring of protection]

   AC:        It affects your AC (+4).
   Str:       It affects your strength (+4).
   Stlth:     It makes you more stealthy.
 Y - the ring "Seisy" {Fire rN+++ Int-3 Slay+4 Stlth-}
   (You found it on level 5 of the Lair of Beasts)

   [ring of fire]

   It enhances your fire magic.
   Int:       It affects your intelligence (-3).
   Slay:      It affects your accuracy & damage with ranged weapons and melee
   (+4).
   rF:        It protects you from fire.
   rC:        It makes you vulnerable to cold.
   rN:        It renders you almost immune to negative energy.
   Stlth:     It makes you less stealthy.
 Z - an amulet of the acrobat
Wands
 d - a wand of iceblast (18)
 R - a wand of digging (4)
Scrolls
 b - 3 scrolls of immolation
 h - 11 scrolls of teleportation
 i - 14 scrolls of fog
 m - 4 scrolls of brand weapon
 r - 11 scrolls of vulnerability
 v - 12 scrolls of amnesia
 w - 4 scrolls of fear
 F - 14 scrolls of poison
 H - 4 scrolls of summoning
 M - 5 scrolls of magic mapping
 T - 6 scrolls of silence
Potions
 e - 6 potions of flight
 f - 14 potions of brilliance
 j - 4 potions of might
 k - 2 potions of heal wounds
 l - a potion of resistance
 o - 2 potions of berserk rage
 s - 10 potions of lignification
 t - 6 potions of invisibility
 A - 9 potions of ambrosia
 E - 6 potions of mutation
 J - a potion of haste
 L - 32 potions of curing
 P - 9 potions of attraction
 V - 3 potions of magic
 X - 5 potions of cancellation
Miscellaneous
 u - a condenser vane


   Skills:
 O Level 27 Fighting
 - Level 22.0 Long Blades
 - Level 26.0 Ranged Weapons
 + Level 26.3 Armour
 O Level 27 Dodging
 - Level 0.7 Stealth
 - Level 9.5 Invocations


You had 25 spell levels left.
You didn't know any spells.
Your spell library contained the following spells:

 Spells                   Type           Power      Damage    Failure   Level
 Apportation              Tloc           0%         N/A       73%         1
 Foxfire                  Conj/Fire      0%         2x1d4     73%         1
 Freeze                   Ice            0%         1d3       73%         1
 Magic Dart               Conj           0%         1d3       73%         1
 Sandblast                Erth           0%         2d4       73%         1
 Shock                    Conj/Air       0%         1d3       73%         1
 Sting                    Tmut/Pois      0%         1d3       73%         1
 Summon Small Mammal      Summ           0%         N/A       73%         1
 Blink                    Tloc           0%         N/A       86%         2
 Call Imp                 Summ           0%         N/A       86%         2
 Ensorcelled Hibernation  Hex/Ice        0%         N/A       86%         2
 Momentum Strike          Conj/Tloc      0%         3d8       86%         2
 Passwall                 Tmut/Erth      0%         N/A       86%         2
 Poisonous Vapours        Pois/Air       0%         N/A       86%         2
 Searing Ray              Conj           0%         2d4       86%         2
 Sublimation of Blood     Necr           0%         N/A       86%         2
 Wereblood                Tmut           0%         N/A       86%         2
 Dazzling Flash           Conj/Hex       0%         N/A       97%         3
 Frozen Ramparts          Ice            0%         1d1       97%         3
 Gell's Gravitas          Tloc           0%         N/A       97%         3
 Hailstorm                Conj/Ice       0%         3d3       97%         3
 Ignite Poison            Fire/Tmut/Pois 0%         N/A       97%         3
 Inner Flame              Hex/Fire       0%         N/A       97%         3
 Kindle Blastsparks       Fire/Tloc/Air  0%         2d10      97%         3
 Lesser Beckoning         Tloc           0%         N/A       97%         3
 Mephitic Cloud           Conj/Pois/Air  0%         N/A       97%         3
 Ozocubu's Armour         Ice            0%         N/A       97%         3
 Portal Projectile        Hex/Tloc       0%         N/A       97%         3
 Spider Form              Tmut/Pois      0%         N/A       97%         3
 Stone Arrow              Conj/Erth      0%         3d7       97%         3
 Summon Guardian Golem    Hex/Summ       0%         N/A       97%         3
 Swiftness                Air            0%         N/A       97%         3
 Teleport Other           Tloc           0%         N/A       97%         3
 Tukima's Dance           Hex            0%         N/A       97%         3
 Airstrike                Air            0%         2d(0-16)  100%        4
 Anguish                  Hex/Necr       0%         N/A       100%        4
 Animate Armour           Summ/Erth      0%         N/A       100%        4
 Animate Dead             Necr           0%         N/A       100%        4
 Cause Fear               Hex            0%         N/A       100%        4
 Fulminant Prism          Conj/Hex       0%         3d5       100%        4
 Ice Form                 Ice/Tmut       0%         N/A       100%        4
 Iskenderun's Mystic Bla  Conj/Tloc      0%         2d3       100%        4
 Leda's Liquefaction      Hex/Erth       0%         N/A       100%        4
 Manifold Assault         Tloc           0%         N/A       100%        4
 Olgreb's Toxic Radiance  Pois           0%         N/A       100%        4
 Passage of Golubria      Tloc           0%         N/A       100%        4
 Petrify                  Tmut/Erth      0%         N/A       100%        4
 Sticky Flame             Conj/Fire      0%         2d3       100%        4
 Summon Ice Beast         Ice/Summ       0%         N/A       100%        4
 Summon Lightning Spire   Summ/Air       0%         N/A       100%        4
 Agony                    Necr           0%         N/A       100%        5
 Alistair's Intoxication  Tmut/Pois      0%         N/A       100%        5
 Borgnjor's Vile Clutch   Necr/Erth      0%         N/A       100%        5
 Fireball                 Conj/Fire      0%         3d3       100%        5
 Freezing Cloud           Conj/Ice/Air   0%         6-21      100%        5
 Irradiate                Conj/Tmut      0%         3d11      100%        5
 Iskenderun's Battlesphe  Conj           0%         2d6       100%        5
 Lee's Rapid Deconstruct  Erth           0%         3d4*      100%        5
 Lightning Bolt           Conj/Air       0%         1d11      100%        5
 Metabolic Englaciation   Hex/Ice        0%         N/A       100%        5
 Silence                  Hex/Air        0%         N/A       100%        5
 Summon Forest            Summ/Tloc      0%         N/A       100%        5
 Summon Mana Viper        Hex/Summ       0%         N/A       100%        5
 Yara's Violent Unravell  Hex/Tmut       0%         3d3       100%        5
 Death Channel            Necr           0%         N/A       100%        6
 Dispersal                Tloc           0%         N/A       100%        6
 Iron Shot                Conj/Erth      0%         9d1       100%        6
 Simulacrum               Ice/Necr       0%         N/A       100%        6
 Starburst                Conj/Fire      0%         6d3       100%        6
 Statue Form              Tmut/Erth      0%         N/A       100%        6
 Enfeeble                 Hex            0%         N/A       100%        7
 Malign Gateway           Summ/Tloc      0%         N/A       100%        7
 Orb of Destruction       Conj           0%         9d5       100%        7
 Spellforged Servitor     Conj/Summ      0%         N/A       100%        7
 Storm Form               Tmut/Air       0%         N/A       100%        7
 Summon Hydra             Summ           0%         N/A       100%        7
 Borgnjor's Revivificati  Necr           0%         N/A       100%        8
 Discord                  Hex            0%         N/A       100%        8
 Disjunction              Tloc           0%         N/A       100%        8
 Ignition                 Fire           0%         3d3       100%        8
 Lehudib's Crystal Spear  Conj/Erth      0%         10d2      100%        8
 Necromutation            Tmut/Necr      0%         N/A       100%        8
 Summon Horrible Things   Summ           0%         N/A       100%        8
 Chain Lightning          Conj/Air       0%         N/A       100%        9
 Death's Door             Necr           0%         N/A       100%        9
 Dragon's Call            Summ           0%         N/A       100%        9
 Fire Storm               Conj/Fire      0%         5d1       100%        9
 Shatter                  Erth           0%         3d5*      100%        9


Dungeon Overview and Level Annotations

Branches:
Dungeon (15/15)            Temple (1/1) D:5            Lair (5/5) D:8
  Swamp (4/4) Lair:2        Snake (4/4) Lair:3        Slime (1/5) Lair:5
    Orc (2/2) D:11            Elf (3/3) Orc:2        Vaults (5/5) D:14
  Crypt (1/3) Vaults:2     Depths (4/4) D:15            Zot (5/5) Depths:4
 WizLab (visited)         Gauntlet (visited)

Altars:
Ashenzari
Cheibriados
Dithmenos
Elyvilon
Fedhas
Gozag
Hepliaklqana
Kikubaaqudgha
Makhleb
Nemelex Xobeh
Okawaru
Qazlal
Ru
Sif Muna
Trog
Uskayaw
Vehumet
Wu Jian
Xom
Yredelemnul
Zin
The Shining One
Jiyva
Lugonu

Shops:
D:5 *   D:7 *   Orc:2 (?*=   Elf:1 [   Elf:3 [   Snake:1 :(?(   Snake:2 !
Snake:3 *   Vaults:5 (

Portals:
Hell: Depths:1 Depths:2 Depths:3 Depths:4
Abyss: Lair:5 Depths:2 Depths:3 Depths:4
Pandemonium: Depths:2
Ziggurat: Depths:2

Annotations:
D:11 1 runed translucent door
Zot:3 3 runed translucent doors, Ogritsah's ghost, legendary MiBe


Innate Abilities, Weirdness & Mutations

Your life essence is reduced to manifest your ancestor. (-10% HP)
You have a pair of horns on your head.
You reflexively headbutt those who attack you in melee.


Message History

The rock shatters into small pieces.
Crazy Yiuf howls in fear.
You see here a +0 dagger.
Crazy Yiuf mumbles, "Damn and blast!"
Crazy Yiuf seems to regain his courage.
Crazy Yiuf screams, "Help!"
Crazy Yiuf nearly stumbles in trying to escape.
Crazy Yiuf howls in fear.
Crazy Yiuf cries, "Help meeeeeeee!"
Crazy Yiuf yells, "Help!"
Crazy Yiuf cowers, then darts away.
Crazy Yiuf cries, "Oh dear!
Oh dear!"
Crazy Yiuf is nearby!
Crazy Yiuf is nearby!
Crazy Yiuf begs for mercy.
Cornered, Crazy Yiuf turns to fight!
Aiming: Dig
Press: ? - help, Q - select action, (/) - cycle Shift-Dir - straight line You can't see that place. [a rock wall.]
The rock shatters into small pieces.
Aiming: Dig
Press: ? - help, Q - select action, (/) - cycle Shift-Dir - straight line You can't see that place.
The rock shatters into small pieces.
Crazy Yiuf says, "You came back for me."
Crazy Yiuf says, "Wait for me!"
Aiming: Dig
Press: ? - help, Q - select action, (/) - cycle Shift-Dir - straight line You can't see that place. [the floor.]
The rock shatters into small pieces.
Crazy Yiuf says, "You found it!"
Crazy Yiuf says, "Wait for me!"
There is a staircase leading out of the dungeon here.
Crazy Yiuf says, "Get me out of this place."
Crazy Yiuf barely misses you. You furiously retaliate!
You headbutt Crazy Yiuf!!
You kill Crazy Yiuf!
You have escaped!

#.#.#.....## #.#.#.###.#
########### #####.# ######
..........# #..# #...#
##...♣....# ##.# ###.###
#..♣.♣..########.## #.....#
##.♣._.♣...#.#.##..# ###.#.#
#...♣.♣..##.#.#.#)## #....#
#....♣...#######@#######....#
#........# ##.#.#.#.#.....#
#..####..## #.###.#.#..#.#.#
##.# #...# ##.#########)#.#
#.# #...# #.## #.#.#
#.####...# ##.# ###.#.#
#.......## ##.## ###.....#
####.##.# #..# #.#.#)###
#.##.# #.## #.#.#.#


There were no monsters in sight!

Vanquished Creatures
  3 dread liches (Zot:5)
  Mara (Swamp:4)
  4 orbs of fire
  5 ancient liches (Zot:5)
  2 pandemonium lords
  A juggernaut (Depths:3)
  Sojobo (Depths:2)
  2 Killer Klowns (Zot:5)
  Margery (Vaults:5)
  Boris (Depths:2)
  A curse toe (Zot:5)
  5 caustic shrikes
  5 golden dragons
  A Brimstone Fiend (D:3)
  3 electric golems
  A Hell Sentinel (D:13)
  20 Orb Guardians
  8 tentacled monstrosities
  A deep elf blademaster (Elf:3)
  Rupert (D:12)
  4 liches
  5 quicksilver dragons
  3 Executioners
  4 acid blobs
  2 titans (Vaults:5)
  A deep elf master archer (Elf:3)
  6 sphinxes
  5 death cobs
  4 shadow dragons (Vaults:5)
  Agnes (D:14)
  10 tengu reavers
  12 storm dragons
  A thorn hunter (Swamp:4)
  Kirke (Lair:5)
  5 nagarajas
  3 draconian monks
  2 rockslimes
  5 azure jellies
  4 frost giants
  7 fire giants
  10 vault wardens
  6 draconian knights
  5 draconian scorchers
  3 ghost moths
  4 deep elf sorcerers
  3 deep elf elementalists (Elf:3)
  3 draconian stormcallers
  An orc warlord (Orc:2)
  15 very ugly things
  3 draconian annihilators (Zot:5)
  9 stone giants
  4 ironbound thunderhulks
  3 draconian shifters
  3 war gargoyles
  2 reapers
  3 quicksilver oozes (Depths:4)
  A vampire knight (Depths:2)
  5 deep elf demonologists
  16 ironbound preservers
  4 eleionomae
  8 green draconians
  Nessos (D:12)
  A minotaur (Gauntlet)
  A spark wasp (Depths:3)
  Snorg (D:12)
  5 yellow draconians (Zot:5)
  4 dire elephants
  A lorocyproca (D:2)
  10 deep elf annihilators
  6 bunyips
  12 white draconians
  3 purple draconians
  8 red draconians
  4 black draconians
  The ghost of Bnni the Transmogrifier, a journeyman OpVM of Gozag (D:11)
  7 blizzard demons
  4 ettins
  4 deep elf death magi (Elf:3)
  Josephine (Lair:3)
  3 great orbs of eyes
  A shambling mangrove (Swamp:3)
  8 fire dragons
  A green death (Depths:4)
  6 rakshasas
  19 vault guards
  5 jiangshi
  8 yaktaur captains
  An ice dragon (Depths:4)
  5 entropy weavers
  4 deep elf high priests
  A hell beast (Zot:5)
  A peacekeeper (Vaults:3)
  18 hydras
  4 ogre magi
  5 anacondas
  2 juggernaut simulacra (Pan)
  6 ironbound frosthearts
  A spriggan air mage (Depths:1)
  6 alligators
  5 centaur warriors
  7 dancing weapons
  8 naga warriors
  10 two-headed ogres
  4 boulder beetles
  A death scarab (Gauntlet)
  3 deep troll earth magi
  3 tengu warriors
  2 deep troll shamans (Depths:3)
  3 thrashing horrors
  A titan zombie (Depths:2)
  3 death yaks
  5 orc high priests
  2 spriggan berserkers
  9 naga sharpshooters
  6 shock serpents
  14 hell knights
  A sun demon (Pan)
  6 deep elf knights
  A soul eater (D:9)
  A fire crab (Lair:4)
  2 iron trolls
  A spark wasp zombie (Depths:2)
  A shadow wraith (Vaults:5)
  4 goliath frogs
  A steelbarb worm (shapeshifter) (Vaults:3)
  7 salamander mystics
  A cherub (Zot:5)
  6 spriggan druids
  38 deep trolls
  5 glowing orange brains
  5 bog bodies
  7 swamp dragons
  2 shadow demons (Pan)
  7 flayed ghosts
  9 naga ritualists
  19 ironbound convokers
  A death drake (Swamp:2)
  11 wizards
  3 harpies
  A spectral hydra (Gauntlet)
  A deep elf archer (Elf:2)
  5 orc knights
  4 phantasmal warriors
  2 golden dragon skeletons (Depths:2)
  2 necromancers
  A will-o-the-wisp (Swamp:2)
  6 lindwurms
  A sphinx zombie (Depths:2)
  34 ugly things
  17 deep elf zephyrmancers
  An iron dragon zombie (Depths:2)
  3 cyclopes
  3 oklob plants (Lair:5)
  7 mana vipers
  25 deep elf pyromancers
  6 orc sorcerers
  3 shining eyes (Depths:4)
  A fire giant zombie (Depths:2)
  A fire giant skeleton (Depths:2)
  11 salamanders
  A wolf spider (Depths:4)
  A manticore (D:12)
  15 moths of wrath
  A frost giant zombie (Depths:2)
  5 ice statues (Pan)
  A frost giant skeleton (Depths:2)
  8 guardian serpents
  5 elephants
  10 vault sentinels
  2 torpor snails (Lair:4)
  Maurice (D:12)
  A rust devil (Depths:4)
  2 orange demons (Pan)
  2 smoke demons (Pan)
  8 naga magi
  17 black mambas
  An unseen horror (Depths:4)
  2 gargoyles (D:12)
  5 cane toads
  Psyche (D:9)
  7 rime drakes
  A hellion (Pan)
  3 demonic crawlers
  3 kobold demonologists
  10 komodo dragons
  17 yaktaurs
  2 freezing wraiths
  3 tormentors
  4 ice devils
  An ancient zyme (Lair:5)
  3 tengu conjurers
  2 red devils (Pan)
  6 trolls
  3 meliai
  12 hornets
  15 slime creatures
  3 tyrant leeches
  A queen bee (Lair:4)
  A tarantella (Vaults:1)
  A hornet (shapeshifter) (Lair:5)
  Prince Ribbit (D:5)
  4 dream sheep (Lair:4)
  17 blink frogs
  Sigmund (D:5)
  A culicivora (shapeshifter) (Vaults:1)
  6 water elementals
  2 vampires (D:11)
  A ynoxinul (Pan)
  A shadow (D:12)
  15 spriggans
  An air elemental (Elf:1)
  4 flying skulls (Depths:2)
  5 wraiths
  21 yaks
  A spriggan (shapeshifter) (Lair:5)
  4 wyverns
  A hog (Lair:5)
  7 basilisks
  A golden eye (shapeshifter) (Depths:4)
  A golden eye (Slime:1)
  A fire elemental (D:15)
  2 large abominations (Pan)
  Eustachio (D:5)
  2 redbacks (Vaults:1)
  17 vampire mosquitoes
  13 swamp worms
  A hydra simulacrum (Lair:5)
  41 nagas
  2 wargs (Orc:2)
  5 acid dragons
  8 water moccasins
  Duvessa (D:5)
  A floating eye (Depths:3)
  A glowing shapeshifter skeleton (Depths:2)
  3 ice beasts
  4 small abominations (Lair:5)
  4 black bears
  8 swamp drakes
  2 sky beasts (D:8)
  6 wolves
  32 orc warriors
  17 ogres
  2 black mamba simulacra (Lair:5)
  6 centaurs
  7 kobold brigands
  2 gnoll sergeants
  13 bullfrogs
  3 scorpions
  A cane toad simulacrum (Lair:5)
  An earth elemental (Elf:2)
  8 wights
  Dowan (D:5)
  29 killer bees
  3 howler monkeys
  4 electric eels
  A lava snake (D:11)
  Crazy Yiuf (D:1)
  5 hounds
  2 jellies
  21 orc priests
  3 gnoll boudas
  5 iguanas
  15 orc wizards
  A hell rat (Depths:4)
  A lightning spire (Zot:1)
  Robin (D:2)
  10 gnolls
  7 adders
  2 shadow imps (D:5)
  5 white imps
  An ufetubus (D:7)
  3 worms
  3 dart slugs
  71 orcs
  6 bats
  8 endoplasms
  4 giant cockroaches
  19 goblins
  7 hobgoblins
  2 jackals (D:2)
  6 quokkas
  2 ball pythons
  A frilled lizard (D:1)
  23 kobolds
  6 rats
  A fire vortex (Pan)
1579 creatures vanquished.

Vanquished Creatures (collateral kills)
  2 orbs of fire (Zot:5)
  2 dread liches
  2 ancient liches (Zot:5)
  A juggernaut (Depths:2)
  A Head Instructor (WizLab)
  2 Killer Klowns (Zot:5)
  A curse toe (Zot:3)
  2 caustic shrikes (Depths:4)
  A golden dragon (Zot:4)
  A bone dragon (Depths:4)
  The ghost of choppaz the Slayer, an adept MiBe of Trog (Vaults:3)
  A Tzitzimitl (Pan)
  The ghost of Gexir the Sorcerer, a veteran DjCj of Jiyva (Vaults:3)
  Jorgrun (D:13)
  2 electric golems
  3 tentacled monstrosities
  An Ice Fiend (Pan)
  11 Orb Guardians (Zot:5)
  A lich (D:11)
  A deep elf blademaster (Elf:3)
  3 titans (Vaults:5)
  An acid blob (Depths:4)
  2 quicksilver dragons
  2 sphinxes
  Frances (Swamp:2)
  6 death cobs
  Gastronok (Lair:1)
  5 storm dragons
  A tengu reaver (Depths:2)
  2 shadow dragons
  Donald (Swamp:2)
  A nagaraja (Snake:4)
  A frost giant (Depths:3)
  The ghost of Hipp the Severer, a journeyman NaBe of Trog (D:15)
  3 deep elf sorcerers (Elf:3)
  2 iron dragons
  A fire giant (Vaults:5)
  A ghost moth (Zot:4)
  Louise (Depths:2)
  2 draconian scorchers (Zot:5)
  10 vault wardens
  8 ironbound preservers
  3 draconian shifters
  3 deep elf elementalists (Elf:3)
  2 war gargoyles
  A quicksilver ooze (Depths:4)
  A draconian annihilator (Zot:5)
  A reaper (Depths:2)
  9 very ugly things
  3 green draconians
  2 ironbound thunderhulks
  8 stone giants
  A lorocyproca (Zot:5)
  4 deep elf demonologists (Elf:3)
  5 vampire knights
  The ghost of fly the Basher, a journeyman DgDe (Lair:5)
  A dire elephant (Vaults:4)
  6 black draconians
  A purple draconian (Zot:5)
  6 white draconians
  2 spark wasps (Depths:3)
  3 deep elf annihilators
  5 yellow draconians
  6 red draconians
  A bunyip (Swamp:2)
  2 blizzard demons (Pan)
  A crystal guardian (Vaults:2)
  5 ettins
  4 deep elf high priests
  6 deep elf death magi (Elf:3)
  2 jiangshi
  A quicksilver dragon zombie (Depths:2)
  2 entropy weavers (Vaults:5)
  3 great orbs of eyes
  20 vault guards
  2 yaktaur captains
  A hell beast (Pan)
  A fire dragon (Depths:1)
  2 rakshasas
  An entropy weaver (shapeshifter) (Vaults:5)
  Erolcha (D:11)
  2 ice dragons
  4 spriggan air magi
  A quicksilver dragon skeleton (Depths:2)
  9 hydras
  An anaconda (Snake:3)
  3 centaur warriors
  2 boulder beetles
  3 ironbound frosthearts
  2 peacekeepers (Vaults:2)
  12 dancing weapons
  An ogre mage (D:11)
  2 alligators
  2 two-headed ogres
  3 naga warriors
  2 tengu warriors
  Urug (D:10)
  3 deep troll shamans
  4 vampire magi
  A deep troll earth mage (Vaults:5)
  A shock serpent (Snake:3)
  A thrashing horror (Lair:5)
  3 naga sharpshooters
  7 deep elf knights
  2 soul eaters
  A shadow wraith (Depths:4)
  3 hell knights
  5 salamander mystics
  A skeletal warrior (D:11)
  A fire crab (shapeshifter) (Depths:2)
  Lodul (D:11)
  A spriggan druid (Swamp:4)
  A spark wasp zombie (Depths:2)
  3 flayed ghosts
  2 iron trolls
  3 deep elf archers (Elf:3)
  18 deep trolls
  4 swamp dragons
  3 ironbound convokers
  2 naga ritualists
  2 phantasmal warriors (Depths:3)
  4 wizards
  3 orc knights
  2 harpies (Vaults:4)
  7 deep elf pyromancers
  5 lindwurms
  An oklob plant (Lair:5)
  19 ugly things
  3 necromancers
  5 mana vipers
  A shining eye (Depths:4)
  A sphinx skeleton (Depths:2)
  2 salamanders
  10 deep elf zephyrmancers
  2 orc sorcerers
  A will-o-the-wisp (Swamp:4)
  3 elephants
  A manticore (D:11)
  A fire giant zombie (Depths:2)
  8 moths of wrath
  6 black mambas
  2 guardian serpents (Snake:4)
  A frost giant skeleton (Depths:2)
  2 orange demons (Pan)
  4 naga magi (Snake:4)
  5 vault sentinels
  A gargoyle (D:14)
  A torpor snail (Lair:3)
  3 cane toads
  A smoke demon (Pan)
  2 unseen horrors
  2 rime drakes (Lair:5)
  5 yaktaurs
  2 demonic crawlers (Pan)
  4 komodo dragons
  A komodo dragon (shapeshifter) (Elf:2)
  A tengu conjurer (D:10)
  An ancient zyme (Lair:5)
  A troll (shapeshifter) (Lair:5)
  A meliai (Lair:4)
  An ice devil (Pan)
  A polar bear (shapeshifter) (Lair:5)
  A polar bear (Lair:3)
  A troll (Orc:2)
  8 slime creatures
  A sphinx simulacrum (Depths:2)
  A tyrant leech (Swamp:3)
  8 hornets
  A tarantella (Vaults:2)
  A wolf spider simulacrum (D:11)
  7 blink frogs
  A dream sheep (Lair:4)
  A shadow (D:11)
  2 ynoxinuls (Lair:5)
  11 yaks
  7 spriggans
  3 water elementals
  A wyvern (Lair:1)
  3 vampire mosquitoes
  3 wraiths
  2 basilisks
  A human (shapeshifter) (Lair:5)
  2 golden eyes
  A steam dragon (Lair:4)
  A chaos spawn (Depths:4)
  A redback (Vaults:2)
  A death yak simulacrum (Lair:5)
  10 nagas
  5 swamp worms
  A human zombie (Depths:2)
  An acid dragon (D:10)
  A warg (Orc:2)
  3 water moccasins
  A large abomination (Pan)
  2 swamp drakes (Swamp:4)
  12 orc warriors
  5 ogres
  3 wolves
  A centaur (D:9)
  A phantom (Depths:4)
  9 small abominations
  An earth elemental (Elf:2)
  2 bullfrogs
  A scorpion (Depths:4)
  7 killer bees (Lair:4)
  A howler monkey (D:9)
  An electric eel (Lair:5)
  5 orc priests
  A jelly (D:8)
  4 gnolls
  2 white imps (Gauntlet)
  10 orcs
  A giant cockroach (Depths:4)
  A kobold (D:7)
  A butterfly (Lair:4)
  2 fire vortices (Pan)
638 creatures vanquished.

Vanquished Creatures (others)
  A draconian scorcher (Zot:5)
  A stone giant (Vaults:5)
  6 yaktaur captains
  2 deep elf archers (Elf:3)
  A wizard (D:15)
  3 yaktaurs
  A golden eye (Slime:1)
  A human (Lair:5)
  40 knights
  2 ancestors (D:9)
  An orc (Orc:2)
  19 demonic plants (Gauntlet)
  7 foxfires
  35 fungi
  63 plants
  6 withered plants (Vaults:3)
189 creatures vanquished.

Grand Total: 2406 creatures vanquished

Notes
Turn   | Place    | Note
-------+----------+-------------------------------------------
     0 | D:1      | fedoskokos the Minotaur Hunter began the quest for the Orb.
     0 | D:1      | Reached XP level 1. HP: 18/18 MP: 0/0
   148 | D:1      | Reached XP level 2. HP: 25/25 MP: 1/1
   211 | D:1      | Reached skill level 5 in Ranged Weapons
   370 | D:1      | Found a faded altar of an unknown god.
   773 | D:2      | Reached XP level 3. HP: 19/31 MP: 2/2
   964 | D:2      | Noticed Robin
   981 | D:2      | Killed Robin
  1238 | D:2      | Reached XP level 4. HP: 38/38 MP: 3/3
  1534 | D:3      | Identified the +9 short sword of Niammur {flame, +Blink
                  | rElec Str+3 Stlth+}
  2293 | D:3      | Found a runed translucent door.
  2424 | D:3      | Noticed Crazy Yiuf
  2565 | D:4      | Reached XP level 5. HP: 42/46 MP: 4/4
  3449 | D:5      | Entered Level 5 of the Dungeon
  3462 | D:5      | Reached XP level 6. HP: 47/53 MP: 5/5
  3512 | D:5      | Noticed Duvessa
  3512 | D:5      | Noticed Dowan
  3695 | D:5      | Found Kuerucek's Assorted Antiques.
  3724 | D:5      | Reached skill level 5 in Fighting
  3724 | D:5      | Noticed Eustachio
  3745 | D:5      | Killed Eustachio
  3746 | D:5      | Reached XP level 7. HP: 40/61 MP: 3/6
  3900 | D:5      | Found a staircase to the Ecumenical Temple.
  3904 | D:5      | Noticed Prince Ribbit
  3907 | Temple   | Entered the Ecumenical Temple
  3915 | Temple   | Became a worshipper of Hepliaklqana the Forgotten
  4202 | D:5      | Killed Prince Ribbit
  4203 | D:5      | Reached skill level 5 in Dodging
  4397 | D:5      | Reached XP level 8. HP: 70/70 MP: 7/7
  4406 | D:5      | Found the +6 shillelagh "Devastator" {shatter}
  4454 | D:5      | Noticed Sigmund
  4549 | D:6      | Found a snail-covered altar of Cheibriados.
  4661 | D:6      | Found a sparkling altar of Nemelex Xobeh.
  4952 | D:6      | Found an opulent altar of Gozag.
  5014 | D:6      | Reached skill level 10 in Ranged Weapons
  5320 | D:7      | Found Reqyry's Evil Emporium.
  5347 | D:7      | Reached XP level 9. HP: 76/79 MP: 8/8
  5420 | D:7      | Reached * piety under Hepliaklqana
  6904 | D:5      | Killed Sigmund
  6941 | D:5      | Killed Duvessa
  6945 | D:5      | Killed Dowan
  7286 | D:8      | Reached XP level 10. HP: 33/81 MP: 3/9
  7466 | D:8      | Found a staircase to the Lair.
  7699 | D:8      | Found a radiant altar of Vehumet.
  8175 | D:9      | Found a stormy altar of Qazlal.
  8239 | D:9      | Reached skill level 10 in Fighting
  8687 | D:9      | Noticed Psyche
  8697 | D:9      | Paralysed by Psyche for 2 turns
  8701 | D:9      | Killed Psyche
  8903 | D:9      | Reached ** piety under Hepliaklqana
  8904 | D:9      | Remembered your ancestor Nakurtum as a knight
  8911 | D:9      | Noticed a two-headed ogre
  8922 | D:9      | Killed a two-headed ogre
  8923 | D:9      | Reached XP level 11. HP: 63/90 MP: 6/10
  9234 | D:10     | Entered Level 10 of the Dungeon
  9751 | D:10     | Noticed Urug
  9760 | D:10     | Killed Urug
  9852 | Lair:1   | Entered Level 1 of the Lair of Beasts
  9932 | Lair:1   | Reached *** piety under Hepliaklqana
 10121 | Lair:1   | Noticed Gastronok
 10136 | Lair:1   | Killed Gastronok
 10711 | Lair:1   | You fall into a shaft and drop 1 floor!
 11059 | Lair:1   | Reached skill level 10 in Dodging
 11087 | Lair:1   | Identified the ring "Enabeseu" {AC+4 Str+4 Stlth+}
 11122 | Lair:1   | Got the Encyclopedia of Hindering Frostbite
 11591 | Lair:2   | Reached XP level 12. HP: 85/106 MP: 6/11
 11809 | Lair:2   | Found a staircase to the Swamp.
 11819 | Lair:2   | Reached **** piety under Hepliaklqana
 11871 | Lair:2   | Noticed an eight-headed hydra
 11878 | Lair:2   | Killed an eight-headed hydra
 12178 | Lair:3   | Noticed a death yak
 12215 | Lair:3   | Reached skill level 1 in Invocations
 12282 | Lair:3   | Noticed a death yak
 12304 | Lair:3   | Killed a death yak
 12306 | Lair:3   | Killed a death yak
 12307 | Lair:3   | Reached skill level 15 in Fighting
 12320 | Lair:3   | Noticed Josephine
 12331 | Lair:3   | Killed Josephine
 12332 | Lair:3   | Reached skill level 15 in Ranged Weapons
 12538 | Lair:3   | Identified the +0 chain mail "Fijeab" {Harm}
 12744 | Lair:3   | Found a staircase to the Snake Pit.
 13096 | Lair:4   | Noticed a seven-headed hydra
 13104 | Lair:4   | Killed a seven-headed hydra
 13888 | Lair:5   | Entered Level 5 of the Lair of Beasts
 14015 | Lair:5   | Noticed a four-headed hydra
 14024 | Lair:5   | Killed a four-headed hydra
 14025 | Lair:5   | Reached XP level 13. HP: 114/114 MP: 15/15
 14267 | Lair:5   | Found a runed translucent gate.
 14267 | Lair:5   | Found a runed translucent gate.
 14267 | Lair:5   | Found a runed translucent gate.
 14318 | Lair:5   | Noticed fly's ghost (journeyman DgDe)
 14452 | Lair:5   | Reached skill level 5 in Invocations
 14586 | Lair:5   | Reached ***** piety under Hepliaklqana
 14589 | Lair:5   | Noticed Kirke
 14600 | Lair:5   | Killed Kirke
 15154 | Lair:5   | Found a viscous altar of Jiyva.
 16086 | Lair:5   | Found a corrupted altar of Lugonu.
 16086 | Lair:5   | Found a one-way gate to the infinite horrors of the Abyss.
 16151 | Lair:5   | Identified the +3 scale mail of Parlour Games {+Blink Str-2
                  | Int+7}
 16328 | Lair:5   | Killed fly's ghost
 16360 | Lair:5   | Got the ring "Seisy" {Fire rN+++ Int-3 Slay+4 Stlth-}
 16535 | Lair:4   | Reached XP level 14. HP: 126/126 MP: 18/18
 16853 | Lair:4   | Identified the amulet "Qabou" {Spirit rN+}
 16870 | Lair:4   | Identified 2 scrolls of acquirement
 16881 | Lair:4   | Acquired the +2 longbow "Inidepeu" {speed, Will+}
 16883 | Lair:4   | Acquired 1085 gold pieces
 17204 | Lair:4   | Got the Papyrus of the Voyage and the Congregation
 17790 | D:10     | Found a broken altar of Ashenzari.
 17794 | D:10     | Saw a vision of the Swamp and the Snake Pit.
 18262 | D:10     | Reached skill level 1 in Armour
 18868 | D:11     | Noticed Erolcha
 18882 | D:11     | Killed Erolcha
 18909 | D:11     | Found a gate leading to a gauntlet.
 18911 | D:11     | Noticed Lodul
 18920 | D:11     | Killed Lodul
 18941 | Gauntlet | Entered a Gauntlet
 18941 | Gauntlet | Found a transporter.
 18941 | Gauntlet | Found a transporter.
 18941 | Gauntlet | Found a large runed translucent door.
 18941 | Gauntlet | Found a large runed translucent door.
 18941 | Gauntlet | Found a large runed translucent door.
 18941 | Gauntlet | Found a large runed translucent door.
 18941 | Gauntlet | Found a large runed translucent door.
 18941 | Gauntlet | Found a large runed translucent door.
 18941 | Gauntlet | Found a runed translucent door.
 18941 | Gauntlet | Found a runed translucent door.
 18941 | Gauntlet | Found a large runed translucent door.
 18941 | Gauntlet | Found a large runed translucent door.
 18941 | Gauntlet | Found a large runed translucent door.
 18941 | Gauntlet | Found a large runed translucent door.
 18941 | Gauntlet | Found a large runed translucent door.
 18941 | Gauntlet | Found a large runed translucent door.
 18948 | Gauntlet | Found a large runed translucent door.
 18948 | Gauntlet | Found a large runed translucent door.
 18985 | Gauntlet | Found a runed translucent gate.
 18985 | Gauntlet | Found a runed translucent gate.
 18985 | Gauntlet | Found a runed translucent gate.
 18987 | Gauntlet | Found a transporter.
 18997 | Gauntlet | Found a large runed translucent door.
 18998 | Gauntlet | Found a large runed translucent door.
 19002 | Gauntlet | Found a transporter.
 19020 | Gauntlet | Found a transporter.
 19032 | Gauntlet | Found a transporter.
 19049 | Gauntlet | Found a transporter.
 19115 | Gauntlet | Found a transporter.
 19130 | Gauntlet | Found a transporter.
 19146 | Gauntlet | Found a transporter.
 19159 | Gauntlet | Found a transporter.
 19245 | Gauntlet | Found a transporter.
 19257 | Gauntlet | Found a transporter.
 19265 | Gauntlet | Found a transporter.
 19267 | Gauntlet | Found a transporter.
 19282 | Gauntlet | Found a transporter.
 19535 | Gauntlet | Identified the +1 pair of boots "Uffufeos" {rF+ Str+4
                  | Int-2}
 19579 | Gauntlet | Identified the ring "Kouwaofo" {rElec rPois rCorr Dex-5
                  | SInv}
 19658 | Gauntlet | Identified the +6 short sword of the Land of Plenty {venom,
                  | rF+ rCorr}
 19840 | D:11     | Found a staircase to the Orcish Mines.
 19884 | D:11     | Noticed a lich
 19885 | D:11     | Noticed Bnni's ghost (journeyman OpVM)
 20231 | D:11     | Found a runed translucent door.
 20233 | D:11     | Found a runed translucent door.
 20440 | Orc:1    | Entered Level 1 of the Orcish Mines
 20623 | Orc:2    | Entered Level 2 of the Orcish Mines
 21318 | Orc:2    | Found a staircase to the Elven Halls.
 21420 | Orc:2    | Noticed an orc warlord
 21436 | Orc:2    | Reached XP level 15. HP: 116/136 MP: 20/20
 21578 | Orc:2    | Found Paffesos's Weapon Emporium.
 21708 | Orc:2    | Found Xits's Magic Scroll Shop.
 22228 | Orc:2    | Reached skill level 5 in Armour
 22378 | Orc:2    | Found Vygihufo's Jewellery Emporium.
 22389 | Orc:2    | Found Apuahuxei's General Store.
 22454 | Orc:2    | Bought the ring of Yredelemnul, Jumping {rN+ Str+3 Dex+6
                  | Stlth+} for 788 gold pieces
 22949 | D:11     | Killed a lich
 22989 | D:11     | Killed Bnni's ghost
 23167 | D:12     | Noticed Snorg
 23180 | D:12     | Killed Snorg
 23427 | D:12     | Noticed Maurice
 23427 | D:12     | Noticed Rupert
 23446 | D:12     | Paralysed by Rupert for 2 turns
 23454 | D:12     | Killed Rupert
 23487 | D:12     | Killed Maurice
 23636 | D:12     | Noticed Nessos
 23645 | D:12     | Killed Nessos
 23894 | D:12     | Got Ymuukeq's Teachings on Concussion
 23897 | D:12     | Identified the +8 short sword "Caneuru Vifi" {drain, rF-
                  | rC+ SInv}
 24311 | D:13     | Found a portal to a secret trove of treasure.
 24777 | D:13     | Noticed Jorgrun
 24796 | D:13     | Killed Jorgrun
 25019 | D:14     | Found a gate to the Vaults.
 25113 | D:14     | Noticed Agnes
 25125 | D:14     | Killed Agnes
 25468 | D:15     | Entered Level 15 of the Dungeon
 25514 | D:15     | Found a staircase to the Depths.
 25514 | D:15     | Noticed a fire giant
 25531 | D:15     | Killed a fire giant
 25569 | D:15     | Reached skill level 15 in Dodging
 25647 | D:15     | Reached XP level 16. HP: 148/148 MP: 22/22
 25718 | D:15     | Found a runed translucent door.
 25723 | D:15     | Noticed Hipp's ghost (journeyman NaBe)
 26604 | Snake:1  | Entered Level 1 of the Snake Pit
 26616 | Snake:1  | Reached ****** piety under Hepliaklqana
 26631 | Snake:1  | Found Leotof's Weapon Emporium.
 26631 | Snake:1  | Found Zoiw's Weapon Emporium.
 26632 | Snake:1  | Found Tarumn's Book Emporium.
 26640 | Snake:1  | Found Wiyw's Magic Scroll Emporium.
 27485 | Snake:2  | Found Ymuososch's Distillery.
 27518 | Snake:2  | Bought 2 potions of resistance for 280 gold pieces
 27518 | Snake:2  | Bought a potion of invisibility for 112 gold pieces
 27518 | Snake:2  | Bought a potion of resistance for 140 gold pieces
 28195 | Snake:3  | Found Buachoss's General Store.
 28928 | Snake:4  | Entered Level 4 of the Snake Pit
 29080 | Snake:4  | Identified the ring of Maeheo {Wiz Int+4}
 29169 | Snake:4  | Reached XP level 17. HP: 159/159 MP: 23/23
 30256 | Snake:4  | Got a serpentine rune of Zot
 30983 | Swamp:1  | Entered Level 1 of the Swamp
 31465 | Swamp:2  | Noticed Frances
 31474 | Swamp:2  | Killed Frances
 31486 | Swamp:2  | Found the +7 Singing Sword {vorpal, sonic wave}
 31619 | Swamp:2  | Noticed Donald
 31628 | Swamp:2  | Killed Donald
 32161 | Swamp:3  | Reached XP level 18. HP: 125/171 MP: 16/24
 32663 | Swamp:4  | Entered Level 4 of the Swamp
 32847 | Swamp:4  | Noticed Mara
 32864 | Swamp:4  | Killed Mara
 33144 | Swamp:4  | Got a decaying rune of Zot
 33230 | Swamp:4  | Identified the +2 spear of Qazlal's Pride {freeze, rPois
                  | rF- Will++ Dex+3}
 33525 | Lair:5   | Found a staircase to the Slime Pits.
 33553 | Slime:1  | Entered Level 1 of the Pits of Slime
 33946 | Vaults:1 | Entered Level 1 of the Vaults
 34467 | Vaults:1 | Reached XP level 19. HP: 182/182 MP: 25/25
 35877 | Vaults:2 | Found a staircase to the Crypt.
 35877 | Vaults:2 | Found a basalt altar of Yredelemnul.
 35877 | Vaults:2 | Found an ancient bone altar of Kikubaaqudgha.
 36152 | Vaults:2 | Reached skill level 27 in Fighting
 36412 | Vaults:2 | Identified the +3 lajatang of Inimowk {venom, rN+++ Will-
                  | Str+7 SInv}
 36575 | Vaults:3 | Found a runed translucent gate.
 36575 | Vaults:3 | Found a runed translucent gate.
 36575 | Vaults:3 | Found a runed translucent gate.
 36576 | Vaults:3 | Noticed choppaz's ghost (adept MiBe)
 36576 | Vaults:3 | Noticed Gexir's ghost (veteran DjCj)
 37050 | Vaults:3 | Reached XP level 20. HP: 173/194 MP: 23/26
 37646 | Vaults:3 | Killed choppaz's ghost
 37653 | Vaults:3 | Killed Gexir's ghost
 39247 | Depths:1 | Entered Level 1 of the Depths
 39341 | Depths:1 | Found a magical portal.
 39350 | WizLab   | Entered Yara's Duelist Academy
 39461 | WizLab   | Got Yara's Monograph on Enchantment
 39477 | WizLab   | Got the Handbook of the Assistive Traveller
 39680 | WizLab   | Noticed Naghim
 39687 | WizLab   | Reached XP level 21. HP: 201/201 MP: 23/27
 39692 | WizLab   | Killed Naghim the Head Instructor
 39979 | Depths:1 | Found a burning altar of Makhleb.
 40369 | Depths:1 | Found a gateway to Hell.
 40438 | Depths:1 | Reached skill level 27 in Dodging
 40441 | Depths:1 | Reached skill level 1 in Long Blades
 40666 | Depths:2 | Found a one-way gateway to a ziggurat.
 40668 | Depths:2 | Found a one-way gate leading to the halls of Pandemonium.
 40780 | Depths:2 | Reached skill level 5 in Long Blades
 40795 | Depths:2 | Noticed Sojobo
 40800 | Depths:2 | Paralysed by an air elemental for 1 turns
 40807 | Depths:2 | Paralysed by an air elemental for 1 turns
 40815 | Depths:2 | Killed Sojobo
 40840 | Depths:2 | Killed Boris
 40921 | Depths:2 | Identified the amulet of the Gloaming {rC++ Regen+}
 40933 | Depths:2 | Noticed Louise
 40942 | Depths:2 | Killed Louise
 40947 | Depths:2 | Reached skill level 10 in Long Blades
 41808 | Depths:3 | Noticed a juggernaut
 41814 | Depths:3 | Paralysed by a floating eye for 3 turns
 41817 | Depths:3 | HP: 1/201 [sphinx/divine providence (14)]
 41824 | Depths:2 | Killed a juggernaut
 41967 | D:15     | Killed Hipp's ghost
 42349 | Pan      | Entered Pandemonium
 42624 | Pan      | Reached XP level 22. HP: 209/209 MP: 28/28
 42703 | Pan      | Reached skill level 15 in Long Blades
 42764 | Pan      | Noticed Emealauz the pandemonium lord
 42988 | Pan      | Got a demonic rune of Zot
 43130 | Pan      | Found an exit through the horrors of the Abyss.
 43142 | Pan      | Took an exit into the Abyss.
 43142 | Abyss:1  | Escaped into the Abyss
 43173 | Depths:2 | Escaped the Abyss
 43342 | Depths:3 | Noticed a caustic shrike
 43352 | Depths:3 | Killed a caustic shrike
 43615 | Depths:3 | Found an opulent altar of Gozag.
 43640 | Depths:3 | Noticed a caustic shrike
 43645 | Depths:3 | Noticed a juggernaut
 43647 | Depths:3 | Killed a caustic shrike
 43656 | Depths:3 | Killed a juggernaut
 43729 | Depths:3 | Noticed a caustic shrike
 43734 | Depths:3 | Killed a caustic shrike
 44061 | D:13     | You paid a toll of +4 fire dragon scales to enter a
                  | treasure trove
 44062 | Trove    | Entered a treasure trove
 44079 | Trove    | Identified the ring "Vaiwafuv" {EV+4 Int+10}
 44087 | Trove    | Identified the amulet "Kuxoa" {RegenMP Str+3 Slay+3}
 44091 | Trove    | Identified the amulet "Lumpuebb" {Spirit rPois rN++ Stlth-}
 44095 | Trove    | Identified the amulet "Paveni" {Faith Fly rN++ Int-4}
 44099 | Trove    | Identified the amulet "Kyuraisch" {Reflect rF+ rC+ Int-4
                  | SH+5}
 44104 | Trove    | Identified the amulet of Asups {RegenMP rC+ rN+ MP-9}
 44628 | Crypt:1  | Entered Level 1 of the Crypt
 44648 | Crypt:1  | Paralysed by a vampire knight for 4 turns
 45028 | Depths:3 | Noticed a caustic shrike
 45033 | Depths:3 | Killed a caustic shrike
 45368 | Depths:3 | Identified the +1 war axe "Nius" {vorpal, +Blink Fly
                  | Stlth+}
 45620 | Depths:4 | Entered Level 4 of the Depths
 45939 | Depths:4 | Noticed a caustic shrike
 45945 | Depths:4 | Killed a caustic shrike
 45947 | Depths:4 | Noticed a caustic shrike
 45950 | Depths:4 | Killed a caustic shrike
 46039 | Depths:4 | Noticed a caustic shrike
 46051 | Depths:4 | Killed a caustic shrike
 46283 | Depths:4 | Found a runed translucent gate.
 46283 | Depths:4 | Found a runed translucent gate.
 46283 | Depths:4 | Found a runed translucent gate.
 46429 | Depths:4 | Found a gate to the Realm of Zot.
 46563 | Depths:4 | Gained mutation: You sometimes lose your temper in combat.
                  | [a shining eye]
 46567 | Depths:4 | Lost mutation: You sometimes lose your temper in combat.
                  | [potion of mutation]
 46567 | Depths:4 | Gained mutation: Your mind is acute. (Int +4, Str/Dex -1)
                  | [potion of mutation]
 46594 | Depths:4 | Reached skill level 10 in Armour
 46598 | Depths:4 | Reached XP level 23. HP: 216/216 MP: 29/29
 46633 | Depths:4 | Found a viscous altar of Jiyva.
 46835 | Depths:4 | Acquired 516 gold pieces
 47584 | Vaults:5 | Entered Level 5 of the Vaults
 47612 | Vaults:5 | Identified the +3 leather armour of Ocze {rN+}
 47956 | Vaults:5 | Noticed a dread lich
 47965 | Vaults:5 | Killed a dread lich
 48226 | Vaults:5 | Identified the +6 ring mail "Sydd" {Harm Regen+ Str+6}
 48247 | Vaults:5 | Got the Monograph on the Compass and Enchantment
 48387 | Vaults:5 | Identified the +7 scimitar of the Hidden Deaths {flame,
                  | Dex+2}
 48387 | Vaults:5 | Identified the amulet "Wuejygan" {RegenMP *Corrode rF+ rC++
                  | Int+2}
 48429 | Vaults:5 | Identified the +0 plate armour "Siwk" {rCorr Dex+3}
 48440 | Vaults:5 | Noticed Margery
 48645 | Vaults:5 | Killed Margery
 48755 | Vaults:5 | Found Finymouf's Weapon Shoppe.
 48980 | Vaults:5 | Got a silver rune of Zot
 49197 | Vaults:5 | Got the Verses on Scorched Companions
 49198 | Vaults:5 | Identified the +5 arbalest of Xom, Bedazzling {vorpal, rN+
                  | rCorr Int+3 SInv}
 49756 | Elf:1    | Entered Level 1 of the Elven Halls
 49806 | Elf:1    | Reached XP level 24. HP: 223/224 MP: 29/29
 49923 | Elf:1    | Got the Codex of Outbursts
 50192 | Elf:1    | Found Myseut's Antique Armour Shoppe.
 50345 | Elf:1    | Identified the +2 sling of Kindness {vorpal, rC+++}
 51212 | Elf:3    | Entered Level 3 of the Elven Halls
 51257 | Elf:3    | Found Enkykk's Armour Boutique.
 51355 | Elf:3    | Found the +3 Mad Mage's Maulers {Infuse+∞ RegenMP Int-3}
 51550 | Elf:3    | Reached skill level 15 in Armour
 51773 | Elf:3    | Identified the +8 quarterstaff of the Viny God {antimagic,
                  | rF+++ rCorr Str-2 Dex+6}
 51853 | Elf:3    | Identified the ring of Nifozyqa {Ice Fly Int+4}
 51917 | Elf:3    | Identified the +8 spear of Enequif {speed, rC+ Will+
                  | Stlth-}
 51920 | Elf:3    | Identified the +6 mace "Talo Vin" {antimagic, rPois Stlth+}
 52146 | Elf:3    | Identified the +8 morningstar of the Dragonfly {vamp, Int+3
                  | Dex+2}
 52161 | Elf:3    | Identified the ring "Wutamyuwoa" {Will+ MP+9 Int+2}
 52166 | Elf:3    | Identified the +4 dagger of Izxad {vorpal, *Corrode Int+9
                  | Stlth+}
 52273 | Elf:3    | Identified the +3 chain mail of Weisut {SInv}
 52344 | Elf:3    | Identified the ring of Nariuseq {Int+4 Slay+4 SInv}
 52466 | Elf:3    | Bought +2 fire dragon scales for 1296 gold pieces
 52833 | Zot:1    | Entered Level 1 of the Realm of Zot
 53621 | Zot:2    | Reached XP level 25. HP: 222/231 MP: 29/29
 54388 | Zot:3    | Identified the +6 scale mail of Lifelessness {Str+2}
 54692 | Zot:3    | Found a runed translucent gate.
 54692 | Zot:3    | Found a runed translucent gate.
 54692 | Zot:3    | Found a runed translucent gate.
 54694 | Zot:3    | Noticed Ogritsah's ghost (legendary MiBe)
 54694 | Zot:3    | Identified the +1 cloak of Grace {rPois Will+}
 54759 | Zot:3    | Found a sparkling altar of Nemelex Xobeh.
 54963 | Zot:3    | Found a burning altar of Makhleb.
 55519 | Zot:5    | Entered Level 5 of the Realm of Zot
 55598 | Zot:5    | Noticed a dread lich
 55600 | Zot:5    | Noticed an orb of fire
 55602 | Zot:5    | Noticed an orb of fire
 55603 | Zot:5    | Noticed an orb of fire
 55603 | Zot:5    | Noticed an orb of fire
 55604 | Zot:5    | Noticed a dread lich
 55605 | Zot:5    | Lost mutation: Your mind is acute. (Int +4, Str/Dex -1) [an
                  | orb of fire]
 55609 | Zot:5    | Paralysed by a dread lich for 3 turns
 55698 | Zot:5    | Killed an orb of fire
 55703 | Zot:5    | Noticed a Killer Klown
 55709 | Zot:5    | Killed a Killer Klown
 55710 | Zot:5    | Noticed an ancient lich
 55723 | Zot:5    | Killed an ancient lich
 55755 | Zot:5    | Noticed an ancient lich
 55762 | Zot:5    | Killed an ancient lich
 55767 | Zot:5    | Killed an orb of fire
 55826 | Zot:5    | Paralysed by a dread lich for 2 turns
 55834 | Zot:5    | Killed a dread lich
 55910 | Zot:5    | Killed a dread lich
 55923 | Zot:5    | Killed an orb of fire
 56008 | Zot:5    | Noticed an orb of fire
 56034 | Zot:4    | Killed an orb of fire
 56125 | Zot:5    | Killed an orb of fire
 56209 | Zot:5    | Noticed a Killer Klown
 56210 | Zot:5    | Noticed an ancient lich
 56219 | Zot:5    | Killed an ancient lich
 56222 | Zot:5    | Killed a Killer Klown
 56272 | Zot:5    | Noticed an ancient lich
 56281 | Zot:5    | Killed an ancient lich
 56282 | Zot:5    | Reached XP level 26. HP: 239/239 MP: 0/29
 56330 | Zot:5    | Noticed a dread lich
 56334 | Zot:5    | Noticed an ancient lich
 56347 | Zot:5    | Killed an ancient lich
 56348 | Zot:5    | Killed a dread lich
 56353 | Zot:5    | Noticed a dread lich
 56355 | Zot:5    | Noticed an ancient lich
 56365 | Zot:5    | Killed a dread lich
 56367 | Zot:5    | Killed an ancient lich
 56374 | Zot:5    | Noticed an orb of fire
 56401 | Zot:5    | Killed an orb of fire
 56741 | Zot:5    | Noticed an ancient lich
 56743 | Zot:5    | Killed an ancient lich
 56776 | Zot:5    | Got the Orb of Zot
 56896 | Zot:3    | Noticed an ancient lich
 56896 | Zot:3    | Noticed Eronach the pandemonium lord
 56991 | Depths:4 | Noticed Cakal the pandemonium lord
 57016 | Depths:2 | Noticed Tahige the pandemonium lord
 57033 | Depths:2 | Killed Tahige the pandemonium lord
 57277 | D:9      | Noticed Xaor the pandemonium lord
 57290 | D:8      | Killed Xaor the pandemonium lord
 57675 | D:1      | Killed Crazy Yiuf
 57676 | D:$      | Escaped with the Orb!

Illustrated notes

Levels and vault maps discovered:
D:1:      reono_arrival_mine, layout_loops_ring,
          chequers_ecumenical_altar_simple_redux, chequers_garden, minmay_tall_x
D:2:      layout_loops_ring, uniq_robin
D:3:      layout_loops_ring, chequers_hall_statues_y,
          nicolae_kite_square_tiling_tiny, uniq_crazy_yiuf_cottage
D:4:      layout_basic
D:5:      layout_basic, minmay_temple_entry_tees, serial_shops, shop,
          dilly_guarded_unrand_devastator, uniq_eustachio, uniq_sigmund,
          uniq_prince_ribbit1, uniq_duvessa
D:6:      layout_basic, mainiacjoe_overflow_alcove_2, overflow_temple_1_default,
          nemelex_xobeh_ov_fountains_minmay
D:7:      kennysheep_housing_project, layout_basic, nicolae_evil_shop
D:8:      layout_cave_pools, mainiacjoe_overflow_brackets,
          due_lair_maze_entry_diamond
D:9:      layout_gridville, nicolae_qazlal_general_emergency,
          nicolae_elevator_lobby_asterisk, uniq_psyche
D:10:     minmay_bloctagon, layout_layer_cave, grunt_ashenzari_visionary
          [grunt_ashenzari_visionary_swamp, grunt_ashenzari_visionary_snake],
          uniq_urug
D:11:     layout_irregular_city, orc_0_dummy, muffindrake_ghost_dual_entry,
          gauntlet_entry_generic, grunt_decor_junction,
          hangedman_decor_diamond_cutter, minmay_crystal_room, uniq_lodul,
          uniq_erolcha
D:12:     layout_irregular_city, lemuel_freeze_loot_1, uniq_snorg, uniq_maurice,
          uniq_nessos, uniq_rupert
D:13:     layout_stronghold, enter_trove_3, corexii_hall_statues_l, uniq_jorgrun
D:14:     layout_rooms, erik_vaults_1, minmay_misc_feat_encased, uniq_agnes
D:15:     grunt_enter_depths_giant_problem, layout_layer_cave,
          nicolae_lava_and_water, ebering_ghost_inner_flame
Temple:   lightli_temple_of_artemis
Lair:1:   layout_layer_cave, st_stairs_12, gammafunk_lair_bear_cave,
          uniq_gastronok
Lair:2:   layout_cellular_growth, swamp_mist, grunt_megastairs_3
Lair:3:   layout_cave_shapes, minmay_snake_entry_guardpost_small, uniq_josephine
Lair:4:   nzn_winding_woodlands_huge [nzn_winding_woodlands_5x15_garden,
          nzn_winding_woodlands_5x15_zeroes, nzn_winding_woodlands_5x15_default,
          nzn_winding_woodlands_5x15_default,
          nzn_winding_woodlands_5x15_lazy_stream,
          nzn_winding_woodlands_5x15_crooked, nzn_winding_woodlands_5x15_cabin,
          nzn_winding_woodlands_5x15_jagged, nzn_winding_woodlands_5x15_pockets,
          nzn_winding_woodlands_5x15_eye, nzn_winding_woodlands_center_diamonds,
          nzn_winding_woodlands_center_lodge,
          nzn_winding_woodlands_15x15_boxy_spiral], layout_concentric_octagons,
          special_room [special_room_bee], dreamdust_gnoll_shepherd,
          lemuel_fruit_fields
Lair:5:   hellmonk_lair_end_abyssal_woods, layout_regular_city,
          minmay_slime_entry_oklob_enclosed, gammafunk_ghost_icy,
          serial_bayou_lake_a, uniq_kirke
Swamp:1:  layout_falls_marsh, evilmike_swamp_ruin_house_3, swamp_pool4
Swamp:2:  layout_basic_swamp, evilmike_swamp_ruin_house_4, swamp_pool2,
          nicolae_swamp_bunyip_nook, uniq_frances, uniq_donald
Swamp:3:  layout_falls_marsh, nicolae_swamp_tree_designs
Swamp:4:  swamp, layout_basic_swamp, uniq_mara
Snake:1:  layout_onion_interference, minmay_shop_grid_forest
Snake:2:  layout_honeycomb, serial_shops, shop
Snake:3:  layout_gridlike, minmay_shop_star
Snake:4:  johnstein_snake_rune_scales, layout_cave_shapes
Slime:1:  layout_caves
Orc:1:    layout_caves, serial_shops, nicolae_shop_stone
Orc:2:    pubby_orc_utopia
Elf:1:    eino_elf_arrival_shootout, layout_loops_corners, serial_shops,
          nicolae_shop_trees, minmay_elf_annihilation, grunt_ministairs_12
Elf:2:    elven_hall_of_blades_hangedman_alternative
          [nicolae_blade_entry_area_security], layout_onion_city
Elf:3:    nooodl_elf_gasket, layout_loops_corners, serial_shops,
          nicolae_shop_hallway_stairs, minivault_20, grunt_ministairs_2,
          guppyfry_library_mini
Vaults:1: ontoclasm_vaults_idyll, v_rooms_3, vaults_room_semicircle, v_misc_11,
          vaults_room_grunt_arrival_checkpoint, nicolae_vaults_hallways_thing,
          vaults_room_pool, vaults_room_semicircle, nicolae_vaults_c_with_doors,
          v_misc_3, ontoclasm_vaults_decontamination, v_alt_pattern_5,
          layout_vaults_omnicross
Vaults:2: nicolae_vaults_network_periphery, minmay_crypt_entry_necro_gods,
          nicolae_vaults_meeting, nicolae_vaults_twisting_passages, v_rooms_2,
          nicolae_vaults_shelves_hall, v_alt_pattern_4,
          ontoclasm_vaults_ring_small, dpeg_vaults_monster_row,
          grunt_vaults_hallway_short, v_misc_15, hangedman_vaults_cutoff,
          layout_vaults_maze_bifur
Vaults:3: gammafunk_ghost_cemetery, v_misc_29, hangedman_vaults_river_flow,
          v_misc_9, nicolae_vaults_network_quincunx
          [nicolae_vaults_network_quincunx_subvault,
          nicolae_vaults_network_quincunx_subvault,
          nicolae_vaults_network_quincunx_subvault,
          nicolae_vaults_network_quincunx_subvault,
          nicolae_vaults_network_quincunx_subvault],
          nicolae_vaults_little_squares_5, layout_vaults_omnigrid
Vaults:4: v_misc_8, nicolae_vaults_network_barrier, hangedman_vaults_cutoff,
          hangedman_vaults_maws, nicolae_vaults_specimen_jars,
          nicolae_vaults_triangles, hangedman_vaults_pinch, v_misc_2,
          vaults_room_pools, st_check, layout_vaults_omnibox
Vaults:5: uniq_margery
Crypt:1:  layout_misc_corridors, minivault_19
Depths:1: layout_twisted_cross, mu_enter_wizlab_3, hell_entry,
          serial_sigils_hangedman_clutch, makhleb_altar_promises_db
Depths:2: hangedman_screamer, layout_gridlike, enter_ziggurat_f,
          nicolae_abyss_entry_one_way_or_another, pan_entry,
          pf_dread_powers_of_hell, minmay_misc_feat_rows, dk_noncrumbling_4,
          uniq_sojobo
Depths:3: minmay_the_grid_octo_2x2 [minmay_the_grid_octo_teeth,
          minmay_the_grid_octo_clover_2, minmay_the_grid_octo_horde,
          minmay_the_grid_octo_prize_big_c], layout_honeycomb,
          pf_hell_entry_tar_spiral, grunt_gozag_statues, abyss_entry
Depths:4: grunt_zot_entry_tricorne, layout_basic, special_room
          [special_room_jelly], hangedman_abyss_entry_splay,
          serial_bayou_pond_e, hell_entry, pandoras_box_mu
Zot:1:    layout_misc_corridors, amethyst_zot_foddershock
Zot:2:    layout_twisted_circle
Zot:3:    kennysheep_spiral_hall, layout_twisted_circle,
          gammafunk_ghost_tricky_traps, hangedman_feature_mirror
Zot:4:    kennysheep_blocky_hall, layout_gridville
Zot:5:    layout_onion

Skill      XL: |  1  2  3  4  5  6  7  8  9 10 11 12 13 14 15 16 17 18 19 20 21 22 23 24 25 26 |
---------------+-------------------------------------------------------------------------------+-----
Ranged Weapons | 5 6 7 8 10 12 13 14 15 16 18 22 25 26 | 26.0
Fighting       | 3 4 5 6 7 9 10 14 15 17 19 20 22 24 25 27 | 27.0
Dodging        | 3 4 5 6 8 9 10 11 12 13 15 17 19 21 23 26 27 | 27.0
Invocations    | 4 7 8 9 |  9.5
Armour         | 4 5 10 14 17 22 26 | 26.3
Long Blades    | 14 21 22 | 22.0
Stealth        | |  0.7

Action                   |  1- 3 |  4- 6 |  7- 9 | 10-12 | 13-15 | 16-18 | 19-21 | 22-24 | 25-27 || total
-------------------------+-------+-------+-------+-------+-------+-------+-------+-------+-------++-------
Melee: Dagger            |    18 |       |       |       |       |       |       |       |       ||    18
       Headbutt          |     5 |     7 |    17 |    56 |    21 |       |       |    16 |    91 ||   213
       Short sword       |       |    71 |    29 |    44 |    18 |       |       |       |       ||   162
       Punch             |       |     1 |       |     3 |     2 |       |       |       |       ||     6
       Shillelagh        |       |       |   113 |   142 |    81 |       |       |       |       ||   336
       Triple sword      |       |       |       |       |       |       |       |    36 |   234 ||   270
       Arbalest          |       |       |       |       |       |       |       |     4 |       ||     4
 Fire: Shortbow          |    76 |    40 |    21 |   229 |   273 |       |       |       |       ||   639
       Longbow           |       |       |       |       |  1086 |    89 |       |       |       ||  1175
       Arbalest          |       |       |       |       |       |  1004 |  1177 |   771 |    11 ||  2963
       Triple crossbow   |       |       |       |       |       |       |       |   528 |   322 ||   850
Invok: Ancestor Identity |       |       |     1 |       |       |       |       |       |       ||     1
       Ancestor Life: Kn |       |       |       |     1 |       |       |       |       |       ||     1
       Recall Ancestor   |       |       |       |     2 |     2 |     2 |       |     5 |     1 ||    12
       Idealise          |       |       |       |       |     9 |     7 |     9 |    12 |     4 ||    41
       Transference      |       |       |       |       |       |     1 |       |       |       ||     1
Evoke: Wand              |       |       |     2 |    15 |     9 |       |     4 |     1 |    11 ||    42
       Condenser vane    |       |       |       |       |     1 |       |     1 |     1 |     1 ||     4
  Use: Scroll            |       |     1 |     6 |     1 |    29 |    13 |     7 |    29 |    13 ||    99
       Potion            |       |       |     1 |       |     3 |     6 |     2 |     7 |    16 ||    35
 Stab: Sleeping          |       |     2 |     1 |     4 |     1 |       |       |       |       ||     8
       Distracted        |       |       |       |     2 |       |       |       |       |     5 ||     7
Armor: Leather armour    |     8 |    22 |    25 |    84 |    49 |       |       |       |       ||   188
       Acid dragon scale |       |       |       |       |     8 |       |       |       |       ||     8
       Troll leather arm |       |       |       |       |     3 |    47 |    46 |     6 |       ||   102
       Ice dragon scales |       |       |       |       |       |       |       |    88 |       ||    88
       Fire dragon scale |       |       |       |       |       |       |       |    13 |   122 ||   135
Dodge: Dodged            |    17 |    69 |   129 |   255 |   271 |   490 |   505 |   574 |   442 ||  2752
       Repelled          |       |       |       |       |     1 |    24 |     8 |    17 |    18 ||    68

Table legend: (Time is in decaauts)
 A = Elapsed time spent in this place.
 B = Non-inter-level travel time spent in this place.
 C = Inter-level travel time spent in this place.
 D = Time resting spent in this place.
 E = Time spent auto-exploring this place.
 F = Levels seen in this place.
 G = Mean time per level.
                   A        B        C        D        E       F      G
               +--------+--------+--------+--------+--------+-----+--------+
         Total |  57654 |  47947 |   9707 |   2594 |  34250 |  56 | 1029.5 |
       Dungeon |  17180 |  13789 |   3391 |    294 |  11219 |  15 | 1145.3 |
        Temple |    427 |    404 |     23 |    279 |     84 |   1 |  427.0 |
          Lair |   8573 |   7650 |    923 |    357 |   6023 |   5 | 1714.6 |
         Swamp |   2617 |   2408 |    209 |     34 |   1826 |   4 |  654.2 |
     Snake Pit |   3919 |   3628 |    291 |    155 |   2760 |   4 |  979.8 |
    Slime Pits |     14 |     14 |      0 |      0 |      0 |   1 |   14.0 |
  Orcish Mines |   2078 |   1860 |    218 |      0 |   1447 |   2 | 1039.0 |
   Elven Halls |   2858 |   1907 |    951 |     68 |   1178 |   3 |  952.7 |
        Vaults |   8085 |   6693 |   1392 |    336 |   4633 |   5 | 1617.0 |
         Crypt |      9 |      9 |      0 |      0 |      0 |   1 |    9.0 |
        Depths |   5785 |   4506 |   1279 |    127 |   3076 |   4 | 1446.2 |
           Zot |   4085 |   3058 |   1027 |    597 |   1515 |   5 |  817.0 |
         Abyss |     30 |     30 |      0 |      0 |     20 |   1 |   30.0 |
   Pandemonium |    776 |    776 |      0 |    186 |     35 |   2 |  388.0 |
         Trove |     68 |     68 |      0 |      0 |      0 |   1 |   68.0 |
        Wizlab |    442 |    442 |      0 |      0 |     96 |   1 |  442.0 |
      Gauntlet |    698 |    698 |      0 |    160 |    335 |   1 |  698.0 |
               +--------+--------+--------+--------+--------+-----+--------+

Top non-repeatable levels by time:
  Lair:5: 2717 daAuts
  Lair:4: 2072 daAuts
Vaults:5: 1991 daAuts
    D:10: 1919 daAuts
   Orc:2: 1869 daAuts
  Lair:1: 1785 daAuts
Vaults:1: 1697 daAuts
Vaults:3: 1602 daAuts
Depths:1: 1599 daAuts
 Snake:4: 1566 daAuts
Vaults:2: 1529 daAuts
     D:7: 1499 daAuts
Depths:3: 1474 daAuts
    D:13: 1429 daAuts
Depths:4: 1375 daAuts
